NYP
MILWAUKEE (NYP) BREWERS @ WEST VIRGINIA BLACK BEARS
04/16/2044
 
TOP OF THE 1ST
Milwaukee (NYP) Brewers batting - Pitching for West Virginia Black Bears : RHP Matt Decker
Pitching: RHP Matt Decker
Batting: RHB Brian Landrum 0-0: Called Strike
0-1: Ball
1-1: Called Strike
1-2: Strikes out swinging
Batting: RHB Vinny Estrada 0-0: Swinging Strike
0-1: Swinging Strike
0-2: Ball
1-2: Ball
2-2: Strikes out swinging
Batting: RHB Nick Garland 0-0: Ground out 6-3 (Groundball, 6S, EV 65.0 MPH)
Top of the 1st over - 0 runs, 0 hits, 0 errors, 0 left on base; Milwaukee (NYP) 0 - West Virginia 0
BOTTOM OF THE 1ST
West Virginia Black Bears batting - Pitching for Milwaukee (NYP) Brewers : RHP Tony Valdez
Pitching: RHP Tony Valdez
Batting: LHB Joe Hoover 0-0: Called Strike
0-1: Ball
1-1: Ground out 4-3 (Groundball, 13, EV 81.9 MPH)
Batting: RHB Roberto Guzman 0-0: Foul Ball, location: 2F
0-1: Ball
1-1: Swinging Strike
1-2: Ground out 6-3 (Groundball, 6, EV 104.4 MPH)
Batting: RHB Jose Almonte 0-0: Ball
1-0: Called Strike
1-1: Foul Ball, location: 2F
1-2: Ground out 1-3 (Groundball, 13S, EV 73.1 MPH)
Bottom of the 1st over - 0 runs, 0 hits, 0 errors, 0 left on base; Milwaukee (NYP) 0 - West Virginia 0
TOP OF THE 2ND
Milwaukee (NYP) Brewers batting - Pitching for West Virginia Black Bears : RHP Matt Decker
Batting: LHB Alfredo de la Cruz 0-0: Called Strike
0-1: Foul Ball, location: 2F
0-2: Foul Ball, location: 2F
0-2: Ball
1-2: Foul Ball, location: 2F
1-2: Strikes out swinging
Batting: RHB Skyler Goss 0-0: Ball
1-0: Ball
2-0: Fly out, F5 (Line Drive, 5, EV 72.5 MPH)
Batting: LHB Paul Collins 0-0: SOLO HOME RUN (Flyball, 9D, EV 108.8 MPH), Distance : 394 ft
Batting: RHB Dustin Hartman 0-0: Ball
1-0: Called Strike
1-1: Foul Ball, location: 2F
1-2: DOUBLE (Line Drive, 78D, EV 113.8 MPH)
Batting: SHB Adam Slade 0-0: Ball
1-0: Ball
2-0: Swinging Strike
2-1: Foul Ball, location: 2F
2-2: Strikes out swinging
Top of the 2nd over - 1 run, 2 hits, 0 errors, 1 left on base; Milwaukee (NYP) 1 - West Virginia 0
BOTTOM OF THE 2ND
West Virginia Black Bears batting - Pitching for Milwaukee (NYP) Brewers : RHP Tony Valdez
Batting: LHB Gregg Kellerman 0-0: Ball
1-0: Ball
2-0: Ball
3-0: Base on Balls
Batting: RHB Mike Velazquez 0-0: Swinging Strike
0-1: Called Strike
0-2: SINGLE (Groundball, 6M, EV 82.5 MPH) (infield hit)
Gregg Kellerman to second
Batting: LHB Brandon Sarni 0-0: Ball
Wild Pitch!
Gregg Kellerman to third
Mike Velazquez to second
1-0: Ball
2-0: Ball
3-0: Called Strike
3-1: Called Strike
3-2: Base on Balls
Batting: RHB John Goynes 0-0: Called Strike
0-1: Grounds into double play, 4-6-3 (Groundball, 4, EV 86.9 MPH)
Gregg Kellerman scores
Mike Velazquez to third
Batting: RHB Pleun Smit 0-0: Ball
1-0: Swinging Strike
1-1: Swinging Strike
1-2: Ball
2-2: Ball
3-2: Fly out, F7 (Flyball, 7, EV 84.4 MPH)
Bottom of the 2nd over - 1 run, 1 hit, 0 errors, 1 left on base; Milwaukee (NYP) 1 - West Virginia 1
TOP OF THE 3RD
Milwaukee (NYP) Brewers batting - Pitching for West Virginia Black Bears : RHP Matt Decker
Batting: RHB Matt Granger 0-0: Called Strike
0-1: Ball
1-1: Fly out, F8 (Flyball, 8LM, EV 80.6 MPH)
Batting: RHB Brian Landrum 0-0: Foul Ball, location: 2F
0-1: Ground out 4-3 (Groundball, 4S, EV 81.3 MPH)
Batting: RHB Vinny Estrada 0-0: Called Strike
0-1: Ball
1-1: Ball
2-1: Foul Ball, location: 2F
2-2: SINGLE (Line Drive, 89M, EV 105.0 MPH)
Batting: RHB Nick Garland 0-0: Ball
Vinny Estrada is caught stealing 2nd base 2-4
Top of the 3rd over - 0 runs, 1 hit, 0 errors, 0 left on base; Milwaukee (NYP) 1 - West Virginia 1
BOTTOM OF THE 3RD
West Virginia Black Bears batting - Pitching for Milwaukee (NYP) Brewers : RHP Tony Valdez
Batting: RHB Richard Barrios 0-0: Ball
1-0: Ball
2-0: Ground out 4-3 (Groundball, 4, EV 77.5 MPH)
Batting: LHB Joe Hoover 0-0: Called Strike
0-1: Ball
1-1: Foul Ball, location: 2F
1-2: Strikes out looking
Batting: RHB Roberto Guzman 0-0: Foul Ball, location: 2F
0-1: Ball
1-1: Ground out U3 (Groundball, 3, EV 90.0 MPH)
Bottom of the 3rd over - 0 runs, 0 hits, 0 errors, 0 left on base; Milwaukee (NYP) 1 - West Virginia 1
TOP OF THE 4TH
Milwaukee (NYP) Brewers batting - Pitching for West Virginia Black Bears : RHP Matt Decker
Batting: RHB Nick Garland 0-0: Called Strike
0-1: SINGLE (Line Drive, 8RS, EV 96.3 MPH)
Batting: LHB Alfredo de la Cruz 0-0: Swinging Strike
0-1: Called Strike
0-2: Fly out, F8 (Flyball, 78S, EV 79.4 MPH)
Batting: RHB Skyler Goss 0-0: Called Strike
Nick Garland steals 2nd base
0-1: Foul Ball, location: 2F
0-2: Fly out, F9 (Flyball, 9S, EV 90.0 MPH)
Batting: LHB Paul Collins 0-0: Ball
1-0: Ball
2-0: Ball
3-0: Base on Balls
Batting: RHB Dustin Hartman 0-0: Fielders Choice at 2nd, 5-4 (Groundball, 56, EV 81.9 MPH)
Top of the 4th over - 0 runs, 1 hit, 0 errors, 2 left on base; Milwaukee (NYP) 1 - West Virginia 1
BOTTOM OF THE 4TH
West Virginia Black Bears batting - Pitching for Milwaukee (NYP) Brewers : RHP Tony Valdez
Batting: RHB Jose Almonte 0-0: SOLO HOME RUN (Flyball, 7LD, EV 94.4 MPH), Distance : 349 ft
Batting: LHB Gregg Kellerman 0-0: Called Strike
0-1: Ball
1-1: Ground out 5-3 (Groundball, 5, EV 99.4 MPH)
Batting: RHB Mike Velazquez 0-0: Ball
1-0: Foul Ball, location: 2F
1-1: Ball
2-1: Ball
3-1: DOUBLE (Line Drive, 89D, EV 98.8 MPH)
Batting: LHB Brandon Sarni 0-0: Ball
1-0: Foul Ball, location: 2F
1-1: Ball
2-1: Called Strike
2-2: Strikes out swinging
Batting: RHB John Goynes 0-0: Called Strike
0-1: Ball
1-1: Ball
2-1: Ball
3-1: Fly out, F3 (Popup, 3SF, EV 73.8 MPH)
Bottom of the 4th over - 1 run, 2 hits, 0 errors, 1 left on base; Milwaukee (NYP) 1 - West Virginia 2
TOP OF THE 5TH
Milwaukee (NYP) Brewers batting - Pitching for West Virginia Black Bears : RHP Matt Decker
Batting: SHB Adam Slade 0-0: Ball
1-0: Called Strike
1-1: Ball
2-1: Foul Ball, location: 2F
2-2: Foul Ball, location: 2F
2-2: Ball
3-2: Strikes out swinging
Batting: RHB Matt Granger 0-0: Called Strike
0-1: Foul Ball, location: 2F
0-2: Ball
1-2: Ground out 6-3 (Groundball, 6S, EV 85.6 MPH)
Batting: RHB Brian Landrum 0-0: Ball
1-0: Ball
2-0: Called Strike
2-1: Swinging Strike
2-2: Foul Ball, location: 2F
2-2: Ball
3-2: Foul Ball, location: 2F
3-2: Foul Ball, location: 2F
3-2: Foul Ball, location: 2F
3-2: Foul Ball, location: 2F
3-2: Base on Balls
Batting: RHB Vinny Estrada 0-0: Called Strike
0-1: Ground out 4-3 (Groundball, 34, EV 98.8 MPH)
Top of the 5th over - 0 runs, 0 hits, 0 errors, 1 left on base; Milwaukee (NYP) 1 - West Virginia 2
BOTTOM OF THE 5TH
West Virginia Black Bears batting - Pitching for Milwaukee (NYP) Brewers : RHP Tony Valdez
Batting: RHB Pleun Smit 0-0: Ball
1-0: Called Strike
1-1: Ball
2-1: Swinging Strike
2-2: Foul Ball, location: 2F
2-2: Strikes out swinging
Batting: RHB Richard Barrios 0-0: Called Strike
0-1: Fly out, F8 (Flyball, 8RD, EV 92.5 MPH)
Batting: LHB Joe Hoover 0-0: Called Strike
0-1: Ground out U3 (Groundball, 3, EV 108.1 MPH)
Bottom of the 5th over - 0 runs, 0 hits, 0 errors, 0 left on base; Milwaukee (NYP) 1 - West Virginia 2
TOP OF THE 6TH
Milwaukee (NYP) Brewers batting - Pitching for West Virginia Black Bears : RHP Matt Decker
Batting: RHB Nick Garland 0-0: Ground out 6-3 (Groundball, 6, EV 103.8 MPH)
Batting: LHB Alfredo de la Cruz 0-0: Called Strike
0-1: DOUBLE (Line Drive, 9LS, EV 100.6 MPH)
Batting: RHB Skyler Goss 0-0: Ball
Alfredo de la Cruz steals 3rd base
1-0: Ground out U3 (Groundball, 23, EV 86.3 MPH)
Batting: LHB Paul Collins 0-0: Ball
1-0: Called Strike
1-1: Ball
2-1: Ball
3-1: Base on Balls
Pitching: RHP Joel Olausson
Batting: RHB Dustin Hartman 0-0: SINGLE (Line Drive, 56, EV 94.4 MPH)
Alfredo de la Cruz scores
Paul Collins to second
Batting: SHB Adam Slade 0-0: Called Strike
0-1: Ball
1-1: Foul Ball, location: 2F
1-2: Foul Ball, location: 2F
1-2: Foul Ball, location: 2F
1-2: Strikes out looking
Top of the 6th over - 1 run, 2 hits, 0 errors, 2 left on base; Milwaukee (NYP) 2 - West Virginia 2
BOTTOM OF THE 6TH
West Virginia Black Bears batting - Pitching for Milwaukee (NYP) Brewers : RHP Tony Valdez
Batting: RHB Roberto Guzman 0-0: Ball
1-0: Called Strike
1-1: Ball
2-1: Foul Ball, location: 2F
2-2: Ball
3-2: Base on Balls
Pitching: LHP John Miller
Batting: RHB Jose Almonte 0-0: Ball
1-0: Foul Ball, location: 2F
1-1: Ball
Wild Pitch!
Roberto Guzman to second
2-1: Ball
3-1: Base on Balls
Pinch Hitting: RHB Nick Wilkins 0-0: Called Strike
0-1: Ball
1-1: Ball
2-1: Ball
Wild Pitch!
Roberto Guzman to third
Jose Almonte to second
3-1: Base on Balls
Batting: RHB Mike Velazquez 0-0: Called Strike
0-1: Ball
1-1: Swinging Strike
1-2: Foul Ball, location: 2F
1-2: Fly out, F9 (Line Drive, 9D, EV 89.4 MPH)
Runner from 3rd tags up, SCORES, no throw by RF
Batting: LHB Brandon Sarni 0-0: Ball
1-0: Called Strike
1-1: Ball
2-1: Ground out 6-3 (Groundball, 6S, EV 71.3 MPH)
Jose Almonte to third
Nick Wilkins to second
Batting: RHB John Goynes 0-0: Called Strike
0-1: Fly out, F7 (Flyball, 7, EV 85.6 MPH)
Bottom of the 6th over - 1 run, 0 hits, 0 errors, 2 left on base; Milwaukee (NYP) 2 - West Virginia 3
TOP OF THE 7TH
Milwaukee (NYP) Brewers batting - Pitching for West Virginia Black Bears : RHP Joel Olausson
Now at 1B: Tim Brereton
Now in LF: Alan Pumphrey
Batting: RHB Matt Granger 0-0: Foul Ball, location: 2F
0-1: SINGLE (Line Drive, 8RS, EV 95.6 MPH)
Batting: RHB Brian Landrum 0-0: Fly out, F6 (Flyball, 6MD, EV 86.3 MPH)
Batting: RHB Vinny Estrada 0-0: Ball
1-0: Fly out, F8 (Line Drive, 8LD, EV 97.5 MPH)
Batting: RHB Nick Garland 0-0: Foul Ball, location: 2F
0-1: Ball
1-1: Fielders Choice at 2nd, 6-4 (Groundball, 56, EV 88.1 MPH)
Top of the 7th over - 0 runs, 1 hit, 0 errors, 1 left on base; Milwaukee (NYP) 2 - West Virginia 3
BOTTOM OF THE 7TH
West Virginia Black Bears batting - Pitching for Milwaukee (NYP) Brewers : LHP John Miller
Pitching: RHP Odmar van de Vijver
Pinch Hitting: LHB Pat Baker 0-0: Foul Ball, location: 2F
0-1: Foul Ball, location: 2F
0-2: Ball
1-2: Foul Ball, location: 2F
1-2: Foul Ball, location: 2F
1-2: SINGLE (Groundball, 34D, EV 100.6 MPH)
Batting: RHB Richard Barrios 0-0: DOUBLE (Groundball, 5L, EV 108.1 MPH)
Pat Baker to third
Batting: LHB Joe Hoover 0-0: Called Strike
0-1: Foul Ball, location: 2F
0-2: Ball
1-2: Ball
2-2: Strikes out swinging
Batting: RHB Roberto Guzman 0-0: Ball
1-0: Called Strike
1-1: Called Strike
1-2: Foul Ball, location: 2F
1-2: Ball
2-2: TRIPLE (Flyball, 3D, EV 90.0 MPH)
Pat Baker scores
Richard Barrios scores
Batting: RHB Tim Brereton 0-0: Swinging Strike
0-1: Foul Ball, location: 2F
0-2: Ball
1-2: Fly out, F7 (Flyball, 7LM, EV 92.5 MPH)
Batting: LHB Alan Pumphrey 0-0: Ground out 4-3 (Groundball, 34, EV 88.1 MPH)
Bottom of the 7th over - 2 runs, 3 hits, 0 errors, 1 left on base; Milwaukee (NYP) 2 - West Virginia 5
TOP OF THE 8TH
Milwaukee (NYP) Brewers batting - Pitching for West Virginia Black Bears : RHP Joel Olausson
Now at 2B: Donald Imre
Now at 3B: Freddy Quintero
Now at SS: Richard Barrios
Now in RF: Steve Dennis
Batting: LHB Alfredo de la Cruz 0-0: Ball
1-0: Foul Ball, location: 2F
1-1: Ball
2-1: Ball
3-1: Called Strike
3-2: Base on Balls
Batting: RHB Skyler Goss 0-0: Ball
1-0: Ball
2-0: Foul Ball, location: 2F
2-1: Ball
3-1: Foul Ball, location: 2F
3-2: Base on Balls
Alfredo de la Cruz to second
Batting: LHB Paul Collins 0-0: Ball
1-0: Fly out, F2 (Popup, 25F, EV 81.3 MPH)
Batting: RHB Dustin Hartman 0-0: Ball
1-0: Ball
2-0: Ball
3-0: Called Strike
3-1: Base on Balls
Alfredo de la Cruz to third
Skyler Goss to second
Pitching: LHP Mario Flores
Batting: SHB Adam Slade 0-0: Called Strike
0-1: Swinging Strike
0-2: Ball
1-2: Strikes out swinging
Batting: RHB Matt Granger 0-0: Ball
1-0: Ball
2-0: Called Strike
2-1: Ball
3-1: Base on Balls
Alfredo de la Cruz scores
Skyler Goss to third
Dustin Hartman to second
Batting: RHB Brian Landrum 0-0: Ball
1-0: Ball
2-0: Ball
3-0: Base on Balls
Skyler Goss scores
Dustin Hartman to third
Matt Granger to second
Batting: RHB Vinny Estrada 0-0: Called Strike
0-1: Foul Ball, location: 2F
0-2: Foul Ball, location: 2F
0-2: TRIPLE (Flyball, 78XD, EV 105.0 MPH)
Dustin Hartman scores
Matt Granger scores
Brian Landrum scores
Batting: RHB Nick Garland 0-0: Swinging Strike
0-1: Ball
1-1: Called Strike
1-2: Ball
2-2: SINGLE (Line Drive, 89M, EV 98.8 MPH)
Vinny Estrada scores
Pitching: RHP Justin Smart
Batting: LHB Alfredo de la Cruz 0-0: SINGLE (Line Drive, 5D, EV 97.5 MPH)
Nick Garland to second
Batting: RHB Skyler Goss 0-0: Foul Ball, location: 2F
0-1: Ball
1-1: Swinging Strike
1-2: Strikes out swinging
Top of the 8th over - 6 runs, 3 hits, 0 errors, 2 left on base; Milwaukee (NYP) 8 - West Virginia 5
BOTTOM OF THE 8TH
West Virginia Black Bears batting - Pitching for Milwaukee (NYP) Brewers : RHP Odmar van de Vijver
Pitching: LHP Paul Schumacher
Now at 2B: Brian Landrum
Now at 3B: Nick Garland
Now at SS: Aaron Mobley
Batting: RHB Mike Velazquez 0-0: Called Strike
0-1: Ball
1-1: Ball
2-1: Swinging Strike
2-2: Ball
3-2: Ground out 6-3 (Groundball, 6, EV 82.5 MPH)
Pinch Hitting: RHB Aaron Kaskie 0-0: Called Strike
0-1: Foul Ball, location: 2F
0-2: Ball
1-2: Ground out 5-3 (Groundball, 5S, EV 70.6 MPH)
Batting: RHB John Goynes 0-0: Ball
1-0: Ball
2-0: Ball
3-0: Called Strike
3-1: Base on Balls
Batting: RHB Freddy Quintero 0-0: Foul Ball, location: 2F
0-1: Foul Ball, location: 2F
0-2: Ball
1-2: Ball
2-2: Strikes out looking
Bottom of the 8th over - 0 runs, 0 hits, 0 errors, 1 left on base; Milwaukee (NYP) 8 - West Virginia 5
TOP OF THE 9TH
Milwaukee (NYP) Brewers batting - Pitching for West Virginia Black Bears : RHP Justin Smart
Now at 2B: Chris Beckham
Batting: LHB Paul Collins 0-0: Called Strike
0-1: Ball
1-1: Called Strike
1-2: Ball
2-2: Ground out U3 (Groundball, 3, EV 90.6 MPH)
Batting: LHB Aaron Mobley 0-0: Called Strike
0-1: Ground out 4-3 (Groundball, 4, EV 87.5 MPH)
Batting: SHB Adam Slade 0-0: Swinging Strike
0-1: Ground out U3 (Groundball, 34, EV 86.9 MPH)
Top of the 9th over - 0 runs, 0 hits, 0 errors, 0 left on base; Milwaukee (NYP) 8 - West Virginia 5
BOTTOM OF THE 9TH
West Virginia Black Bears batting - Pitching for Milwaukee (NYP) Brewers : LHP Paul Schumacher
Pitching: RHP Javy Uribe
Batting: RHB Richard Barrios 0-0: Called Strike
0-1: Swinging Strike
0-2: Ball
1-2: Ball
2-2: Ball
3-2: Foul Ball, location: 2F
3-2: Foul Ball, location: 2F
3-2: Strikes out looking
Batting: LHB Joe Hoover 0-0: Ball
1-0: Ground out 4-3 (Groundball, 4, EV 85.0 MPH)
Batting: RHB Steve Dennis 0-0: Hit by Pitch
Batting: RHB Tim Brereton 0-0: Ball
1-0: Ball
2-0: Called Strike
2-1: Fly out, F9 (Flyball, 89XD, EV 94.4 MPH)
Bottom of the 9th over - 0 runs, 0 hits, 0 errors, 1 left on base; Milwaukee (NYP) 8 - West Virginia 5
Thursday, March 31st , 2022 - OOTP Baseball 22.12 Build 89